 Dungeon Crawl Stone Soup version 0.27.1 (webtiles) character file.

Game seed: 16445045386113991510

463 ZARRMARR the Cudgeller (level 6, -3/85 HPs)
             Began as a Minotaur Berserker on Aug 26, 2021.
             Was a Priest of Trog.
             Slain by an orc warrior (8 damage)
             ... on level 6 of the Dungeon.
             The game lasted 00:09:51 (3324 turns).

ZARRMARR the Cudgeller (Minotaur Berserker)         Turns: 3324, Time: 00:09:52

Health: -3/85      AC: 23    Str: 24    XL:     6   Next: 79%
Magic:  5/5        EV:  2    Int:  4    God:    Trog [***...]
Gold:   209        SH:  0    Dex:  9    Spells: 5/5 levels left

rFire    . . .     SeeInvis .   a - +0 mace (elec)
rCold    . . .     Faith    .   (no shield)
rNeg     + + +     Spirit   .   (armour currently unavailable)
rPois    +         Reflect  .   (helmet currently unavailable)
rElec    .         Harm     .   (cloak currently unavailable)
rCorr    .         Rampage  .   (gloves currently unavailable)
Will     .....     NoTele   +   (boots currently unavailable)
Stlth    +.........             (no amulet)
HPRegen  0.24/turn              (no ring)
MPRegen  0.09/turn              (no ring)

@: tree-form, on berserk cooldown, slowed, very slow
A: stationary, stasis, torment immunity, boosted hp, (horns 2), (retaliatory
headbutt)
a: Renounce Religion, Berserk, Trog's Hand


You were on level 6 of the Dungeon.
You worshipped Trog.
Trog was most pleased with you.
You were a tree.
You visited 1 branch of the dungeon, and saw 4 of its levels.

You collected 209 gold pieces.

Inventory:

Hand Weapons
 a - a +0 mace of electrocution (weapon)
Missiles
 c - 124 stones (quivered)
 k - 7 poisoned darts
Armour
 b - a +0 animal skin (melded)
 g - a +0 cloak (melded)
Scrolls
 f - a scroll of brand weapon
 i - a scroll of fear {unknown}
 j - a scroll of teleportation {unknown}
 l - a scroll of magic mapping {unknown}
 m - a scroll of noise {unknown}
Potions
 d - a potion of might {unknown}
 e - 2 potions of lignification
 h - a potion of curing {unknown}
 n - a potion of cancellation {unknown}


   Skills:
 + Level 5.7 Fighting
 + Level 7.2 Maces & Flails
 + Level 3.0 Armour
 + Level 3.7 Dodging


You had 5 spell levels left.
You didn't know any spells.
Your spell library contained the following spells:

 Spells                   Type           Power      Damage    Failure   Level
 Call Canine Familiar     Summ           0%         N/A       86%         3
 Portal Projectile        Hex/Tloc       0%         N/A       86%         3
 Leda's Liquefaction      Hex/Erth       0%         N/A       99%         4


Dungeon Overview and Level Annotations

Branches:
Dungeon (3/15)

Altars:
Gozag
Kikubaaqudgha


Innate Abilities, Weirdness & Mutations

You are a tree.
Your roots penetrate the ground, keeping you stationary.
You cannot be teleported.
You are immune to unholy pain and torment.
Your maximum health is greatly increased.
Your equipment is partially melded.
((You have a pair of horns on your head.))
((You reflexively headbutt those who attack you in melee.))


Message History

You hear an angry hiss.
A red film seems to cover your vision as you go berserk!
You feel yourself moving faster!
You feel mighty!
The centaur shoots an arrow.
The arrow closely misses you.
You feel a strong urge to attack something.
The centaur shoots an arrow.
The arrow hits you!
The centaur shoots an arrow.
The arrow closely misses you.
You feel your anger nearly subside.
You are no longer berserk.
You are exhausted.
You feel yourself slow down.
The centaur unwields a +0 shortbow.
The centaur wields a +0 mace.
The centaur closely misses you. The centaur kicks you.
You barely miss the centaur. The centaur misses you.
The centaur kicks you but does no damage.
The centaur hits you with a +0 mace. The centaur kicks you.
You hit the centaur but do no damage. The centaur hits you with a +0 mace.
The centaur kicks you. The centaur hits you with a +0 mace.
The centaur completely misses you. The centaur closely misses you.
The centaur completely misses you.
You hit the centaur.
The centaur is moderately wounded.
The centaur hits you with a +0 mace. The centaur closely misses you. x2
The centaur kicks you.
You closely miss the centaur. You headbutt the centaur!
The centaur is heavily wounded.
The centaur hits you with a +0 mace!
* * * LOW HITPOINT WARNING * * *
The centaur kicks you but does no damage.
The centaur barely misses you. The centaur kicks you.
* * * LOW HITPOINT WARNING * * *
It was a potion of lignification.
You turn into a tree.
Your +0 cloak melds into your body.
Your +0 animal skin melds into your body.
Your roots penetrate the ground.
The centaur hits you with a +0 mace.
* * * LOW HITPOINT WARNING * * *
The centaur completely misses you. The centaur hits you with a +0 mace.
* * * LOW HITPOINT WARNING * * *
The centaur barely misses you.
The orc warrior hits you with a +0 mace!
You die...

..... .o .....#
#.o. ......# #..#
....... #..# .....
#..# ... ..#
#o####.##
##c♣.....#
#..........####
#...............#
#............##.##
##...........##..#
##......#....#..#
.....##.#....#..#
..... #.#....#..#
...###..#######


You could see an orc warrior and a centaur.

Vanquished Creatures
  A centaur (D:6)
  A water moccasin skeleton (D:3)
  A howler monkey (D:6)
  A centaur zombie (D:6)
  Crazy Yiuf (D:2)
  Jessica (D:2)
  A hound skeleton (D:3)
  2 hound zombies (D:3)
  Robin (D:2)
  2 gnolls (D:1)
  4 adders
  An adder skeleton (D:2)
  4 worms
  A dart slug (D:3)
  3 orcs (D:3)
  6 ball pythons
  7 endoplasms
  3 giant cockroaches
  13 goblins
  8 hobgoblins
  6 jackals
  4 kobolds
  4 quokkas
  A ball python skeleton (D:3)
  3 bats (D:2)
  2 frilled lizards (D:2)
  A jackal zombie (D:3)
  A quokka skeleton (D:3)
  A quokka zombie (D:3)
  5 rats
90 creatures vanquished.

Notes
Turn   | Place    | Note
-------+----------+-------------------------------------------
     0 | D:1      | ZARRMARR the Minotaur Berserker began the quest for the
                  | Orb.
     0 | D:1      | Reached XP level 1. HP: 19/19 MP: 0/0
   123 | D:1      | Reached skill level 4 in Maces & Flails
   123 | D:1      | Reached XP level 2. HP: 27/27 MP: 1/1
   537 | D:1      | Reached ** piety under Trog
   538 | D:1      | Reached XP level 3. HP: 29/33 MP: 2/2
  1212 | D:2      | Noticed Jessica
  1218 | D:2      | Killed Jessica
  1219 | D:2      | Reached XP level 4. HP: 41/41 MP: 3/3
  1394 | D:2      | Found a runed translucent door.
  1395 | D:2      | Noticed Crazy Yiuf
  1584 | D:2      | Reached skill level 5 in Maces & Flails
  1740 | D:2      | Noticed Robin
  1757 | D:2      | Killed Robin
  1937 | D:2      | Noticed an eye of devastation
  1941 | D:2      | Found a faded altar of an unknown god.
  1945 | D:2      | Noticed a shining eye
  1945 | D:2      | Noticed a great orb of eyes
  1945 | D:2      | Noticed an eye of devastation
  2187 | D:2      | Killed Crazy Yiuf
  2188 | D:2      | Reached skill level 5 in Fighting
  2188 | D:2      | Reached XP level 5. HP: 48/48 MP: 4/4
  2373 | D:3      | Found an opulent altar of Gozag.
  2615 | D:3      | Reached skill level 6 in Maces & Flails
  2666 | D:3      | Reached *** piety under Trog
  2840 | D:3      | Reached XP level 6. HP: 38/56 MP: 5/5
  3107 | D:3      | Found an ancient bone altar of Kikubaaqudgha.
  3180 | D:3      | You fall into a shaft and drop 3 floors!
  3185 | D:6      | Reached skill level 7 in Maces & Flails
  3315 | D:6      | Noticed an orc warrior
  3324 | D:6      | Slain by an orc warrior

Illustrated notes

Levels and vault maps discovered:
D:1:      dpeg_arrival_shelter, layout_loops_ring, minmay_misc_feat_nine_boxes,
          minmay_misc_feat_four_crosses, minmay_strange_pillars,
          roderic_lattice_a
D:2:      layout_loops_cross, hellmonk_ecumenical_altar_watching_god,
          uniq_jessica, uniq_crazy_yiuf_cottage, uniq_robin
D:3:      layout_loops_ring, grunt_gozag_breadcrumbs, marbit_many_paths,
          serial_undead, serial_undead_b, serial_undead_a, serial_undead_b,
          serial_undead_a
D:6:      cheibrodos_fertilizer, layout_basic, zin_purify,
          minmay_temple_entry_tees

Skill      XL: |  1  2  3  4  5  6 |
---------------+-------------------+-----
Fighting       | 4 5 |  5.7
Maces & Flails | 4 5 6 7 |  7.2
Armour         | 3 |  3.0
Dodging        | 3 |  3.7

Action                   |  1- 3 |  4- 6 || total
-------------------------+-------+-------++-------
Melee: Mace              |    46 |   113 ||   159
       Headbutt          |     2 |    20 ||    22
Throw: Stone             |    20 |    18 ||    38
Invok: Berserk           |     3 |     6 ||     9
  Use: Scroll            |     3 |       ||     3
       Potion            |       |     1 ||     1
 Stab: Sleeping          |     1 |     2 ||     3
Armor: Animal skin       |     8 |    22 ||    30
Dodge: Dodged            |    25 |    66 ||    91
